Map: 地龙岛-天梯版

Players

TIME (Oliveira) - Winner!

  • Race: Terran Terran
  • Spawn Location: 11:00

Namshar

  • Race: Zerg Zerg
  • Spawn Location: 5:00

Event: WCS Montreal 2018

VOD

Have the link to the VOD?

Description

Time

  • Played on: Sept. 7, 2018, 8:11 p.m.
  • Length: 20:20

All games in this series

Show
View Real Time Build Order
Export as new Build Order

TIME Terran - Winner!

Build Orders: Hellion Opening, Reaper Expand, Mech 

Get SALT Encoding   

  12  0:00  SCV  
  13  0:12  SCV  
  14  0:17  Supply Depot  
  14  0:24  SCV  
  15  0:39  SCV  
  15  0:41  Barracks  
  16  0:44  Refinery  
  16  0:51  SCV  
  17  1:03  SCV  
  18  1:15  SCV  
  19  1:29  Orbital Command, Reaper  
  20  1:40  Command Center  
  20  1:48  Supply Depot  
  20  1:55  SCV  
  21  2:01  Marine  
  21  2:07  SCV  
  21  2:08  Factory  
  23  2:13  Refinery  
  23  2:19  SCV  
  23  2:21  Barracks Reactor  
  24  2:31  SCV  
  25  2:43  SCV  
  26  2:52  Starport, Orbital Command  
  26  2:55  SCV  
  27  3:01  Hellion x2  
  27  3:05  Barracks Tech Lab  
  31  3:08  SCV  
  32  3:18  SCV  
  33  3:20  SCV  
  33  3:22  Supply Depot, Hellion x2  
  38  3:30  SCV  
  38  3:32  SCV  
  40  3:39  Raven  
  42  3:43  SCV  
  42  3:44  Hellion x2  
  42  3:46  Supply Depot  
  47  3:50  SCV  
  48  3:57  SCV  
  48  4:00  Supply Depot  
  49  4:03  SCV  
  49  4:05  Hellion x2  
  54  4:11  SCV  
  54  4:14  Command Center  
  55  4:20  SCV  
  55  4:22  Raven  
  58  4:24  Refinery x2  
  58  4:34  Hellion x2  
  58  4:35  SCV x2  
  58  4:38  Supply Depot  
  64  4:45  Armory  
  64  4:46  Armory  
  64  4:49  SCV x2  
  66  4:55  Hellion x2  
  70  5:01  SCV  
  70  5:02  SCV  
  70  5:13  SCV  
  69  5:15  Barracks Tech Lab  
  69  5:16  Factory  
  69  5:18  SCV  
  69  5:20  Factory  
  70  5:23  Starport Reactor  
  70  5:25  SCV  
  70  5:27  Hellion x2  
  75  5:29  Orbital Command  
  75  5:33  SCV  
  75  5:35  Terran Vehicle Weapons Level 1  
  76  5:47  SCV  
  76  5:48  Hellion  
  76  5:49  Hellion  
  77  5:54  SCV  
  77  5:55  Terran Vehicle And Ship Armor Level 1  
  68  6:06  Thor  
  68  6:08  Orbital Command, SCV  
  69  6:13  Thor  
  69  6:14  SCV  
  75  6:18  Hellion  
  75  6:19  Hellion  
  75  6:20  SCV  
  77  6:26  SCV  
  77  6:29  Refinery  
  77  6:32  Refinery, SCV  
  79  6:34  SCV  
  79  6:38  SCV  
  79  6:39  Armory  
  81  6:40  Supply Depot  
  81  6:41  Hellion x2  
  81  6:45  SCV  
  81  6:46  SCV  
  87  6:50  SCV  
  87  6:52  Siege Tank  
  91  6:57  SCV  
  91  6:58  SCV  
  93  7:02  Siege Tank, SCV, Medivac x2  
  93  7:04  Supply Depot  
  98  7:10  SCV  
  98  7:11  SCV  
  93  7:16  Refinery  
  93  7:19  Hellion x2  
  93  7:20  SCV  
  93  7:21  Supply Depot x2  
  98  7:23  Factory  
  98  7:24  SCV x2  
  98  7:25  Factory  
  100  7:32  SCV  
  100  7:33  Terran Vehicle Weapons Level 2  
  100  7:36  Siege Tank  
  104  7:38  Viking  
  104  7:43  Hellion  
  104  7:44  SCV, Hellion  
  110  7:49  SCV  
  110  7:50  SCV  
  113  7:57  Siege Tank, Supply Depot  
  116  7:59  Supply Depot  
  116  8:00  SCV  
  116  8:02  SCV, Terran Vehicle And Ship Armor Level 2  
  116  8:05  Command Center  
  120  8:06  Hellion x2  
  122  8:14  Factory Reactor  
  122  8:15  Factory Tech Lab  
  122  8:16  Infernal Pre-Igniter  
  122  8:18  SCV x2  
  122  8:19  Supply Depot  
  124  8:22  Engineering Bay  
  124  8:26  Siege Tank  
  127  8:30  Hellion x2  
  125  8:36  Siege Tank  
  125  8:38  SCV  
  123  8:49  Siege Tank  
  123  8:52  Viking, Hellion x4  
  123  8:53  Viking  
  123  8:55  SCV x3  
  141  8:59  Sensor Tower  
  141  9:00  Supply Depot  
  141  9:02  Siege Tank  
  144  9:07  SCV x2  
  144  9:09  Supply Depot x2, Hellion  
  148  9:17  Hellion  
  148  9:18  Hellion  
  148  9:22  Medivac  
  148  9:23  Medivac  
  156  9:28  Refinery  
  156  9:30  Siege Tank  
  159  9:33  Siege Tank  
  159  9:35  Hellion x2  
  159  9:37  Supply Depot x2  
  159  9:38  Refinery  
  166  9:41  Siege Tank  
  166  9:43  Hellion x2  
  173  9:49  Planetary Fortress  
  173  10:05  Hellion x2  
  173  10:06  Siege Tank  
  180  10:08  Hellion  
  180  10:09  Hellion  
  180  10:12  Terran Vehicle Weapons Level 3  
  184  10:20  Command Center  
  182  10:25  Smart Servos  
  180  10:29  Siege Tank  
  171  10:37  Siege Tank  
  171  10:42  Siege Tank  
  175  10:43  Hellion x3  
  179  10:52  Hellion  
  166  11:01  Siege Tank  
  138  11:04  Hellion x3  
  138  11:09  Siege Tank  
  132  11:14  Siege Tank  
  132  11:15  Hellion  
  134  11:26  Hellion  
  124  11:33  Siege Tank  
  114  11:41  Siege Tank, Hellion x3  
  114  11:46  Siege Tank  
  123  11:51  Factory x3  
  123  11:53  Terran Vehicle And Ship Armor Level 3  
  123  11:56  Hellion  
  123  12:00  Orbital Command  
  125  12:04  Command Center  
  125  12:05  Siege Tank  
  125  12:06  Hellion x2  
  125  12:07  Refinery, Command Center  
  132  12:10  Refinery  
  132  12:12  Hellion  
  132  12:13  Siege Tank  
  137  12:18  Siege Tank  
  137  12:22  Hellion  
  140  12:23  Liberator x2  
  140  12:27  Hellion  
  140  12:29  Hellion  
  142  12:35  Factory Reactor, Factory Tech Lab x2, Hellion  
  144  12:37  Siege Tank  
  151  12:45  Siege Tank  
  152  12:54  Hellion x2  
  152  12:55  Thor x3  
  152  12:57  Hellion  
  176  13:00  Hellion  
  174  13:09  Thor  
  176  13:13  Hellion  
  176  13:14  Hellion  
  176  13:15  Hellion  
  180  13:20  Orbital Command x2  
  180  13:32  Siege Tank  
  185  13:34  Hellion  
  185  13:38  Hellion x2  
  183  13:58  Thor x2  
  180  14:05  Siege Tank  
  180  14:06  Hellion x2  
  180  14:07  Siege Tank x2, Hellion  
  180  14:08  Hellion  
  186  14:13  Viking x2  
  181  14:18  Hellion  
  181  14:22  Hellion  
  185  14:30  Hellion  
  183  14:37  Siege Tank  
  161  14:39  Siege Tank  
  161  14:41  Hellion x3  
  161  14:43  Siege Tank  
  161  14:44  Siege Tank, Hellion  
  161  14:48  Siege Tank  
  161  14:51  Hellion  
  160  14:53  Hellion  
  152  15:03  Hellion  
  152  15:17  Command Center, Hellion x4  
  152  15:19  Siege Tank  
  154  15:26  Viking  
  125  15:38  Hellion x2  
  125  15:40  Siege Tank  
  125  15:41  Siege Tank x2  
  132  15:49  Hellion x2  
  136  15:55  Hellion x2  
  134  16:11  Siege Tank x2  
  134  16:13  Siege Tank, Rapid Fire Launchers, Hellion x3  
  149  16:18  Thor  
  149  16:20  Hellion  
  157  16:27  Hellion  
  157  16:31  Planetary Fortress  
  159  16:39  Hellion x2  
  163  16:51  Hellion  
  163  16:52  Thor x2, Hellion x2  
  159  16:57  Thor  
  159  16:58  Hellion x2  
  169  17:07  Hellion  
  171  17:09  Hellion  
  171  17:12  Siege Tank  
  171  17:13  Viking x2  
  171  17:16  Hellion  
  171  17:19  Siege Tank  
  155  17:32  Hellion x2  
  155  17:35  Siege Tank  
  140  17:37  Liberator, Hellion x3  
  140  17:38  Thor  
  140  17:40  Thor  
  140  17:41  Liberator  
  155  17:51  Thor x2  
  155  17:53  Hellion  
  170  18:02  Hellion x2  
  175  18:07  Hellion  
  175  18:12  Thor  
  179  18:13  Orbital Command, Hellion x2  
  181  18:23  Liberator  
  179  18:29  Thor x2  
  179  18:33  Hellion x2  
  198  18:52  Refinery  
  198  18:53  Refinery  
  198  18:54  Sensor Tower  
  194  19:12  Hellion x3  
  200  19:19  Hellion  
  184  19:56  Hellion x2  
  184  19:57  Hellion x2  
Show
View Real Time Build Order
Export as new Build Order

Namshar Zerg 

Build Orders: Hatch First 

Get SALT Encoding   

  12  0:00  Drone  
  13  0:12  Overlord  
  13  0:16  Drone  
  14  0:30  Drone x2  
  14  0:34  Drone  
  17  0:50  Hatchery  
  17  0:54  Drone  
  17  0:56  Drone  
  18  1:08  Extractor  
  18  1:10  Spawning Pool  
  16  1:14  Drone  
  16  1:17  Drone  
  18  1:27  Drone  
  19  1:38  Drone  
  20  1:49  Overlord  
  20  1:57  Queen  
  20  2:01  Queen  
  22  2:02  Zergling x4  
  26  2:10  Drone  
  26  2:12  Drone  
  28  2:20  Hatchery  
  27  2:23  Drone  
  27  2:26  Drone  
  29  2:31  Metabolic Boost  
  29  2:41  Queen  
  29  2:44  Overlord  
  31  2:46  Drone  
  31  2:49  Drone x2  
  34  2:55  Drone  
  34  2:56  Overlord  
  35  3:12  Drone x2  
  37  3:13  Drone x3  
  37  3:14  Queen  
  37  3:18  Queen  
  44  3:22  Drone  
  44  3:25  Overlord  
  45  3:37  Queen  
  45  3:39  Drone x2  
  45  3:41  Overlord  
  49  3:44  Zergling x8  
  49  3:46  Drone  
  54  3:48  Drone  
  55  3:56  Queen  
  55  3:57  Overlord  
  55  3:58  Drone  
  58  4:05  Drone x3  
  58  4:09  Zergling x2  
  63  4:10  Zergling x2  
  63  4:19  Overlord  
  63  4:20  Drone x4  
  67  4:30  Zergling x2  
  67  4:31  Drone  
  67  4:32  Drone x8  
  67  4:34  Extractor  
  67  4:37  Evolution Chamber  
  74  4:39  Drone x2, Evolution Chamber  
  75  4:47  Drone  
  76  4:56  Extractor  
  76  4:58  Extractor  
  74  5:01  Zergling x4  
  74  5:02  Zergling x4  
  76  5:07  Queen  
  76  5:09  Drone x6  
  82  5:16  Overlord x3  
  82  5:17  Zerg Ground Armor Level 1  
  82  5:18  Zerg Melee Weapons Level 1  
  82  5:28  Lair  
  82  5:31  Extractor  
  81  5:38  Baneling Nest  
  81  5:42  Zergling x8  
  84  5:43  Hatchery  
  84  5:44  Queen x2  
  79  5:51  Zergling x12  
  79  5:52  Zergling x6  
  73  6:04  Drone x8  
  73  6:10  Drone  
  75  6:16  Drone x2  
  76  6:26  Drone x2  
  76  6:27  Drone  
  79  6:33  Drone  
  79  6:34  Infestation Pit  
  79  6:35  Extractor  
  79  6:36  Hydralisk Den  
  77  6:44  Drone x3  
  77  6:45  Baneling  
  77  6:46  Baneling x9  
  79  6:52  Drone x8  
  84  7:12  Hydralisk x8  
  94  7:17  Zerg Missile Weapons Level 1  
  94  7:20  Drone x3  
  97  7:27  Hydralisk x2  
  97  7:28  Hydralisk  
  103  7:35  Overlord x3  
  103  7:37  Drone  
  103  7:39  Zerg Ground Armor Level 2  
  104  7:46  Baneling x2  
  104  7:53  Queen  
  104  7:55  Extractor  
  104  7:57  Baneling x2  
  104  7:58  Extractor, Drone x2  
  104  7:59  Drone x4  
  110  8:07  Hive  
  110  8:08  Drone  
  110  8:09  Hydralisk x2, Drone x5  
  120  8:13  Overlord  
  120  8:20  Hydralisk  
  120  8:21  Hydralisk, Grooved Spines  
  119  8:27  Hydralisk x3  
  118  8:37  Hydralisk  
  118  8:38  Hydralisk x3  
  116  8:45  Hydralisk x4  
  123  8:52  Drone  
  123  8:53  Drone x2  
  122  8:59  Drone x4  
  125  9:17  Hatchery  
  125  9:20  Viper x3  
  125  9:23  Drone x2  
  125  9:24  Drone  
  136  9:25  Overlord x3  
  136  9:32  Muscular Augments  
  136  9:41  Overlord x2  
  136  9:43  Zerg Missile Weapons Level 2  
  136  9:52  Hydralisk x9  
  138  9:54  Overlord  
  138  9:56  Hydralisk  
  138  9:57  Zergling x2  
  157  10:00  Hydralisk  
  157  10:01  Zergling x4  
  161  10:09  Zergling x2, Hydralisk x3  
  161  10:10  Zergling x4  
  170  10:14  Overlord  
  170  10:17  Baneling x2, Zergling x6  
  170  10:18  Zergling x4  
  170  10:21  Zergling x2, Hydralisk  
  176  10:28  Hydralisk  
  176  10:29  Zergling x12  
  174  10:36  Hydralisk x2  
  174  10:37  Zergling x8  
  174  10:38  Baneling  
  174  10:39  Baneling x2  
  174  10:42  Zergling x2, Hydralisk  
  181  10:43  Zergling x2  
  151  10:57  Hydralisk x7  
  151  11:03  Zergling x4, Hydralisk x2  
  151  11:04  Zergling x2  
  122  11:20  Hydralisk x3  
  122  11:21  Zergling x14  
  128  11:27  Zergling x4, Hydralisk x3  
  128  11:31  Hydralisk  
  120  11:45  Viper x2  
  126  11:49  Viper  
  126  11:51  Hatchery, Viper  
  131  12:19  Zerg Ground Armor Level 3, Zerg Missile Weapons Level 3  
  127  12:23  Hydralisk x5  
  127  12:24  Hydralisk x3  
  140  12:37  Baneling x2  
  140  12:38  Baneling x8, Hydralisk  
  142  12:47  Hydralisk x3  
  142  12:48  Hydralisk  
  142  12:49  Hatchery  
  147  12:51  Hydralisk  
  147  12:55  Centrifical Hooks  
  147  13:02  Queen  
  149  13:05  Drone  
  149  13:06  Drone x6  
  149  13:07  Hydralisk  
  156  13:17  Hydralisk x4  
  164  13:23  Hydralisk  
  164  13:24  Hydralisk x2  
  170  13:30  Overlord  
  170  13:33  Queen  
  170  13:34  Hydralisk  
  174  13:42  Queen  
  174  13:47  Hydralisk x5  
  179  14:07  Hydralisk  
  179  14:08  Hydralisk x8  
  180  14:26  Hydralisk  
  180  14:27  Hydralisk x8  
  195  14:37  Hydralisk  
  195  14:38  Hydralisk x2  
  148  14:51  Hydralisk  
  148  14:52  Hydralisk x4  
  114  15:09  Hydralisk x6  
  124  15:19  Hydralisk x2  
  124  15:20  Zergling x4, Hydralisk  
  130  15:27  Hydralisk x3  
  127  15:31  Viper  
  127  15:35  Viper  
  121  15:38  Viper  
  121  15:42  Viper  
  125  15:49  Hydralisk x3  
  130  15:50  Zergling x2  
  135  15:57  Drone x6  
  135  15:59  Drone  
  142  16:08  Zerg Melee Weapons Level 2  
  134  16:13  Hydralisk x3  
  142  16:21  Hydralisk x2  
  146  16:29  Baneling x2  
  144  16:37  Hydralisk x2  
  144  16:38  Hydralisk x5  
  156  16:47  Hydralisk x3  
  155  16:49  Drone x2  
  155  16:50  Drone  
  159  17:00  Hatchery  
  156  17:09  Hydralisk  
  156  17:10  Hydralisk x3  
  148  17:35  Hydralisk  
  148  17:36  Hydralisk x8  
  148  17:41  Extractor x2  
  144  17:44  Drone  
  144  17:45  Drone x7  
  151  18:13  Queen x4  
  151  18:14  Queen  
  158  18:20  Drone x5  
  158  18:21  Drone  
  158  18:22  Hydralisk  
  158  18:23  Hydralisk x4  
  172  18:36  Hydralisk x3  
  172  18:37  Zergling x8  
  182  18:44  Hydralisk x2  
  182  18:45  Zergling x4  
  188  19:04  Hatchery  
  188  19:08  Hydralisk x5  
  188  19:09  Zergling x6  
  189  19:14  Drone x2  
  189  19:15  Drone  
  187  19:20  Hydralisk x2  
  187  19:21  Zergling x4, Hydralisk  
  188  19:33  Hydralisk x4  
  195  19:43  Hydralisk x3  
  190  19:49  Hydralisk  
  190  19:50  Hydralisk  
Tags
 
Add a new tag
Caveats
  • Supply blocks, unpowered buildings, or Contaminate may cause inaccurate times.
  • Supply counts are checked every 10 seconds.